 Dungeon Crawl Stone Soup version 0.31-a0-426-g3a05650e59 (webtiles) character file.

Game seed: 14930191799922322241

532373 Waters the Black Sun (level 24, -14/267 HPs)
             Began as a Demonspawn Ice Elementalist on July 30, 2023.
             Was a High Priest of Kikubaaqudgha.
             Killed from afar by an orb of fire (29 damage)
             ... with a fireball
             ... on level 2 of the Realm of Zot.
             The game lasted 08:40:53 (53093 turns).

Waters the Black Sun (Demonspawn Ice Elementalist) Turns: 53093, Time: 08:40:55

Health: -14/267    AC: 32    Str:  8    XL:     24   Next: 46%
Magic:  39/45      EV: 11    Int: 32    God:    Kikubaaqudgha [*****.]
Gold:   2883       SH:  4    Dex: 18    Spells: 9/59 levels left

rFire   + + .        E - +9 rapier of Efibeosh {vamp, rC- rN+++ Str-5 Int+7}
rCold   + . .        m - +0 buckler {rC+}
rNeg    + + +        p - melded +0 troll leather armour
rPois   ∞            (helmet unavailable)
rElec   +            j - +2 cloak of Anarchy {rCorr Str+9 Dex-3 Stlth-}
rCorr   +            (gloves unavailable)
SInv    +            (boots unavailable)
Will    ++...        I - amulet of magic regeneration
Stlth   +            P - ring of Cowardice {rF+ rC+ Will+ Str-3 Dex+6}
HPRegen 0.64/turn    z - ring of protection from fire
MPRegen 0.69/turn

%: no passive effects
@: brilliant, about to teleport, statue-form, hasted
A: slow and powerful, torment resistance 1, boosted hp, antennae 3, hooves 3,
spiny 3, demonic magic 3, bedeviling, demonic touch 3, screaming 2, weak 2, no
potion heal 2, subdued magic 1, inability to drink after injury 1, MP-powered
wands
}: 3/15 runes: decaying, serpentine, slimy
a: Begin Untransformation, Renounce Religion, Unearth Wretches, Torment


You were on level 2 of the Realm of Zot.
You worshipped Kikubaaqudgha.
Kikubaaqudgha was extremely pleased with you.
You were a living statue of rough stone.
You visited 11 branches of the dungeon, and saw 50 of its levels.
You visited the Abyss 1 time.
You visited 1 ziggurat, and saw 4 of its levels.
You also visited: Trove, Gauntlet, Ice Cave and Volcano.

You collected 6390 gold pieces.
You spent 3507 gold pieces at shops.

Inventory:

Hand Weapons
 E - the +9 rapier of Efibeosh (weapon) {vamp, rC- rN+++ Str-5 Int+7}
   (You bought it in a shop on level 2 of the Orcish Mines)

   Str:       It affects your strength (-5).
   Int:       It affects your intelligence (+7).
   rC:        It makes you vulnerable to cold.
   rN:        It renders you almost immune to negative energy.
Missiles
 y - 7 throwing nets
Armour
 a - a +1 chain mail of fire resistance
 j - the +2 cloak of Anarchy (worn) {rCorr Str+9 Dex-3 Stlth-}
   (You found it in a Gauntlet)

   Str:       It affects your strength (+9).
   Dex:       It affects your dexterity (-3).
   rCorr:     It protects you from acid and corrosion.
   Stlth:     It makes you less stealthy.
 m - a +0 buckler of cold resistance (worn)
 o - the +10 scale mail of the Untouchables {rN+ Dex+3}
   (You found it on level 6 of the Dungeon)

   Dex:       It affects your dexterity (+3).
   rN:        It protects you from negative energy.
 p - a +0 troll leather armour (melded)
Jewellery
 d - a ring of poison resistance
 e - the brooch of Shielding {Spirit SH+8}
   (You found it in a treasure trove)

   [amulet of guardian spirit]

   It causes incoming damage to be divided between your reserves of health and
   magic.
   SH:        It affects your SH (+8).
 k - a ring of ice
 t - a ring of flight
 x - the amulet of Cheibriados's Favour {Spirit rElec Int+2 Dex+6 SInv}
   (You found it in a treasure trove)

   [amulet of guardian spirit]

   It causes incoming damage to be divided between your reserves of health and
   magic.
   Int:       It affects your intelligence (+2).
   Dex:       It affects your dexterity (+6).
   rElec:     It insulates you from electricity.
   SInv:      It lets you see invisible.
 z - a ring of protection from fire (right fist)
 A - a +6 ring of intelligence
 G - a ring of ice
 H - an amulet of guardian spirit
 I - an amulet of magic regeneration (around neck)
 J - the ring "Dutux" {rPois rN+ Str+5 Dex+2}
   (You found it on level 5 of the Pits of Slime)

   [ring of poison resistance]

   Str:       It affects your strength (+5).
   Dex:       It affects your dexterity (+2).
   rPois:     It protects you from poison.
   rN:        It protects you from negative energy.
 M - the ring "Weud" {Wiz Fly Str+3 Dex-3}
   (You found it in a treasure trove)

   [ring of wizardry]

   It improves your spell success rate.
   Str:       It affects your strength (+3).
   Dex:       It affects your dexterity (-3).
   Fly:       It grants you flight.
 P - the ring of Cowardice (left fist) {rF+ rC+ Will+ Str-3 Dex+6}
   (You found it in a Gauntlet)

   [ring of dexterity]

   Str:       It affects your strength (-3).
   Dex:       It affects your dexterity (+6).
   rF:        It protects you from fire.
   rC:        It protects you from cold.
   Will:      It increases your willpower.
 Z - the ring of Toaromei {rElec Int+6 Slay+2}
   (You found it on level 3 of the Elven Halls)

   [ring of intelligence]

   Int:       It affects your intelligence (+6).
   Slay:      It affects your accuracy & damage with ranged weapons and melee
   (+2).
   rElec:     It insulates you from electricity.
Talismans
 U - a granite talisman (active)
Wands
 F - a wand of digging (1)
 O - a wand of paralysis (34)
 Q - a wand of quicksilver (33)
 R - a wand of polymorph (6)
 S - a wand of flame (69)
 W - a wand of mindburst (57)
 X - a wand of iceblast (33)
Scrolls
 c - 4 scrolls of immolation
 f - 9 scrolls of vulnerability
 i - 2 scrolls of revelation
 l - a scroll of poison
 n - 2 scrolls of silence
 v - 9 scrolls of teleportation
 B - 4 scrolls of amnesia
 L - 3 scrolls of enchant armour
 N - 4 scrolls of enchant weapon
 V - 6 scrolls of fog
Potions
 g - 2 potions of brilliance
 q - 2 potions of invisibility
 u - 3 potions of degeneration
 D - 6 potions of curing
 K - 6 potions of might
 T - 6 potions of enlightenment
 Y - 3 potions of cancellation
Miscellaneous
 h - a phial of floods (inert)


   Skills:
 + Level 20.9 Fighting
 - Level 7.0(8.6) Short Blades
 - Level 7.7(9.0) Long Blades
 - Level 1.9 Dodging
 - Level 2.0 Stealth
 - Level 18.1 Spellcasting
 - Level 6.0 Summonings
 - Level 26.1 Necromancy
 - Level 9.3 Ice Magic
 * Level 17.1 Shapeshifting


You had 9 spell levels left.
You knew the following spells:

 Your Spells              Type           Power      Damage    Failure   Level
a - Infestation           Necr           61%        N/A       1%          8
b - Death's Door          Necr           61%        N/A       3%          9
c - Frozen Ramparts       Ice            100%       1d16      1%          3
d - Death Channel         Necr           61%        N/A       0%          6
e - Anguish               Hex/Necr       57%        N/A       1%          4
f - Borgnjor's Vile Clut  Necr/Erth      46%        N/A       1%          5
g - Simulacrum            Ice/Necr       52%        N/A       1%          6
h - Haunt                 Necr/Summ      50%        N/A       1%          7
i - Blink                 Tloc           66%        N/A       2%          2

Your spell library contained the following spells:

 Spells                   Type           Power      Damage    Failure   Level
 Kiss of Death            Conj/Necr      100%       2d13      0%          1
 Necrotise                Necr           100%       1d9       0%          1
 Vampiric Draining        Necr           100%       2d13      0%          3
 Dispel Undead            Necr           100%       3d31      0%          4
 Agony                    Necr           100%       N/A       0%          5
 Apportation              Tloc           66%        N/A       1%          1
 Freeze                   Ice            100%       1d10      1%          1
 Slow                     Hex            100%       N/A       1%          1
 Sting                    Tmut/Pois      100%       1d8       1%          1
 Cigotuvi's Dreadful Rot  Necr/Pois/Air  100%       N/A       1%          2
 Ensorcelled Hibernation  Hex/Ice        100%       N/A       1%          2
 Call Canine Familiar     Summ           67%        N/A       1%          3
 Hailstorm                Conj/Ice       61%        3d13      1%          3
 Ozocubu's Armour         Ice            80%        N/A       1%          3
 Summon Guardian Golem    Hex/Summ       70%        N/A       1%          3
 Summon Ice Beast         Ice/Summ       74%        N/A       1%          4
 Borgnjor's Revivificati  Necr           61%        N/A       1%          8
 Lesser Beckoning         Tloc           66%        N/A       2%          2
 Momentum Strike          Conj/Tloc      66%        3d9       2%          2
 Passwall                 Tmut/Erth      27%        N/A       2%          2
 Poisonous Vapours        Pois/Air       66%        N/A       2%          2
 Scorch                   Fire           66%        2d7       2%          2
 Searing Ray              Conj           66%        2d6       2%          2
 Static Discharge         Conj/Air       66%        2-5/arc   2%          2
 Wereblood                Tmut           33%        N/A       2%          2
 Confusing Touch          Hex            50%        N/A       4%          3
 Ignite Poison            Fire/Tmut/Pois 33%        N/A       4%          3
 Inner Flame              Hex/Fire       50%        N/A       4%          3
 Mephitic Cloud           Conj/Pois/Air  33%        N/A       4%          3
 Portal Projectile        Hex/Tloc       100%       N/A       4%          3
 Swiftness                Air            33%        N/A       4%          3
 Tukima's Dance           Hex            50%        N/A       4%          3
 Vhi's Electric Charge    Tloc/Air       66%        N/A       4%          3
 Animate Armour           Summ/Erth      100%       N/A       4%          4
 Summon Lightning Spire   Summ/Air       54%        N/A       4%          4
 Metabolic Englaciation   Hex/Ice        40%        N/A       7%          5
 Summon Mana Viper        Hex/Summ       70%        N/A       14%         5
 Cause Fear               Hex            25%        N/A       19%         4
 Flame Wave               Conj/Fire      33%        2d10      19%         4
 Leda's Liquefaction      Hex/Erth       25%        N/A       19%         4
 Olgreb's Toxic Radiance  Pois           33%        N/A       19%         4
 Passage of Golubria      Tloc           33%        N/A       19%         4
 Petrify                  Tmut/Erth      33%        N/A       19%         4
 Sticky Flame             Conj/Fire      33%        2d5       19%         4
 Summon Cactus Giant      Summ           33%        N/A       24%         6
 Ozocubu's Refrigeration  Ice            40%        4d16      32%         7
 Alistair's Intoxication  Tmut/Pois      22%        N/A       47%         5
 Arcjolt                  Conj/Air       16%        1d26      47%         5
 Fireball                 Conj/Fire      16%        3d8       47%         5
 Irradiate                Conj/Tmut      16%        3d17      47%         5
 Iskenderun's Battlesphe  Conj           33%        2d9       47%         5
 Lee's Rapid Deconstruct  Erth           16%        3d10*     47%         5
 Silence                  Hex/Air        25%        N/A       47%         5
 Summon Hydra             Summ           33%        N/A       80%         7
 Eringya's Noxious Bog    Tmut/Pois      16%        4d6       96%         6
 Leda's Unmaking          Conj/Erth      16%        9d3       96%         6
 Plasma Beam              Fire/Air       16%        2x1d28    96%         6
 Malign Gateway           Summ/Tloc      27%        N/A       99%         7
 Spellforged Servitor     Conj/Summ      27%        N/A       99%         7
 Enfeeble                 Hex            25%        N/A       100%        7
 Orb of Destruction       Conj           16%        9d7       100%        7
 Ignition                 Fire           16%        3d7       100%        8
 Lehudib's Crystal Spear  Conj/Erth      16%        10d5      100%        8
 Maxwell's Capacitive Co  Air            16%        ∞         100%        8
 Summon Horrible Things   Summ           33%        N/A       100%        8
 Fire Storm               Conj/Fire      16%        8d4       100%        9
 Polar Vortex             Ice            40%        12d5*     100%        9
 Shatter                  Erth           16%        3d16*     100%        9
 Sublimation of Blood     Necr           Unusable   N/A       N/A         2

Dungeon Overview and Level Annotations

Branches:
Dungeon (15/15)            Temple (1/1) D:5            Lair (5/5) D:11
  Swamp (4/4) Lair:3        Snake (4/4) Lair:3        Slime (5/5) Lair:4
    Orc (2/2) D:10            Elf (3/3) Orc:2        Vaults (5/5) D:13
 Depths (4/4) D:15            Zot (2/5) Depths:4      IceCv (visited)
Volcano (visited)         Gauntlet (visited)
  Crypt: Vaults:2-3

Altars:
Ashenzari
Cheibriados
Dithmenos
Fedhas
Gozag
Hepliaklqana
Kikubaaqudgha
Makhleb
Nemelex Xobeh
Okawaru
Qazlal
Ru
Sif Muna
Trog
Uskayaw
Vehumet
Wu Jian
Xom
Yredelemnul
Jiyva

Shops:
D:4 ***   D:7 !   D:9 !   D:11 *   D:12 (   Orc:2 !(*:   Elf:3 :   Snake:1 ??*(
Snake:4 =?(*?   Vaults:1 [   Depths:2 *   Depths:3 [=

Portals:
Hell: Depths:1 Depths:2 Depths:4
Abyss: Depths:2 Depths:3
Pandemonium: Depths:1 Depths:4

Annotations:
D:3 2 transporters, Pooter's ghost, amateur MiMo
Lair:2 2 transporters
Vaults:3 2 transporters, exclusion: obsidian statue


Innate Abilities, Weirdness & Mutations

You are a living statue of rough stone.
Your actions are slow, but your melee attacks are powerful.
You are resistant to unholy torment.
Your maximum health is greatly increased.
Your equipment is partially melded.
You are immune to poison.
You have a pair of large antennae on your head. (SInv)
You have hooves in place of feet.
You are completely covered in sharp spines.
Spells you cast and wands you use may paralyse nearby enemies.
Your hexes are more powerful.
Your touch may irresistibly damage your foes and sap their willpower.
You frequently scream uncontrollably at your foes.
You are very weak. (Str -4)
Potions cannot restore your health.
Your spells are a little easier to cast, but a little less powerful.
You occasionally lose the ability to drink potions when taking damage.
You expend magic power (3 MP) to strengthen your wands.


Message History

Your system completely rejects the healing effects of potions.
The orb of fire glows deep purple.
The fireball explodes!
The fireball engulfs you!! You resist.
* * * LOW HITPOINT WARNING * * *
As you read the scroll of teleportation, it crumbles to dust.
You feel strangely unstable.
You feel the Orb delaying your translocation!
The orb of fire glows deep purple.
The fireball explodes!
The fireball engulfs you!! You resist.
* * * LOW HITPOINT WARNING * * *
The ancient lich casts a spell.
The ancient lich flickers and vanishes for a moment.
The orb of fire glows deep purple.
The bolt of fire hits you!! You resist.
* * * LOW HITPOINT WARNING * * *
Aim the phial where?
Press: ? - help, Q - select action, (/) - cycle Shift-Dir - straight line, f/p - orb of fire
Aim: an orb of fire The torrent of water hits the orb of fire.
The orb of fire is lightly damaged.
The orb of fire is knocked back by the torrent of water.
The wave splashes down.
Splash!
You fall into the shallow water.
Moving in this stuff is going to be slow.
You hear a roar!
The orb of fire glows yellow.
The bolt of fire hits you but does no damage.
You resist.
The orb of fire glows yellow.
The bolt of fire hits you! You resist.
* * * LOW HITPOINT WARNING * * *
The orb of fire glows yellow.
Strange energies course through your body.
You feel weaker.
You feel yourself speed up.
The orb of fire glows bright magenta.
The fireball explodes!
The fireball engulfs you!! You resist.
You die...
Kikubaaqudgha rasps: "You have failed me!
Welcome... oblivion!"

##...#.# {#{# #...). #....#.#
{#{# #..... .....#.# {#{# #.....
##.###.## ##L# #....# ##.#.##.##
{ #{## #..... #####.##.## ##{#
##..... #..###.##.### { ##.##
#....#. ........##..#########2##
##....#. ....#....###....8*L2~##
##.......
.....#.....###########.##........
......#...............##.........
....#.#####.......#######.#......
..<.##.. #.Z....).)..[.).###>..#.
....######.......#####...# ##..##
......#####........####......###
.........#...........##.........
.###..####........#####......#..


You could see an orb of fire, an ancient lich (invisible), a lorocyproca
(summoned, invisible) and a reaper (summoned).

Vanquished Creatures
  the Royal Jelly (Slime:5)
  Saint Roka (Depths:1)
  2 golden dragons (Zot:2)
  A lich (Depths:1)
  An acid blob (Slime:5)
  2 quicksilver dragons
  2 death cobs
  A sphinx (Depths:1)
  2 shadow dragons (Zot:2)
  2 storm dragons
  A rockslime (Slime:5)
  2 draconian monks
  An iron dragon (Depths:1)
  2 frost giants
  3 vault wardens
  A deep elf sorcerer (Elf:3)
  A draconian shifter (Zot:2)
  A balrug (Abyss:3)
  An orc warlord (Depths:1)
  A draconian stormcaller (Zot:2)
  An angel (Vaults:3)
  3 quicksilver oozes
  2 ironbound preservers
  4 very ugly things
  3 stone giants
  A green draconian (Zot:2)
  An eleionoma (Swamp:1)
  A vampire knight (Depths:4)
  4 deep elf demonologists
  A black draconian (Zot:2)
  A dire elephant (Vaults:3)
  A minotaur (Gauntlet)
  A white draconian (Zot:2)
  A purple draconian (Zot:2)
  2 spark wasps (Depths:2)
  A spriggan zombie (Depths:1)
  3 ettins
  2 deep elf death magi
  2 yaktaur captains
  A crystal guardian (Vaults:1)
  3 fire dragons
  5 great orbs of eyes
  2 ice dragons (Depths:4)
  2 vault guards (Vaults:4)
  3 hydras
  7 boulder beetles
  2 ironbound frosthearts
  2 catoblepae
  4 naga warriors
  2 centaur warriors (D:8)
  An anaconda (Snake:1)
  13 dancing weapons
  An alligator (Swamp:4)
  3 two-headed ogres
  A tengu warrior (D:8)
  4 death yaks (Lair:5)
  3 spriggan berserkers
  6 orc high priests
  A thrashing horror (Abyss:3)
  A sun demon (Abyss:3)
  A storm dragon zombie (Depths:1)
  A salamander mystic (Snake:3)
  5 deep elf knights
  2 deep trolls
  A glowing orange brain (Slime:5)
  A wizard (D:15)
  A sea snake (Snake:1)
  5 deep elf archers
  A bog body (Lair:3)
  5 lindwurms
  2 necromancers
  A swamp dragon (shapeshifter) (D:15)
  A harpy (Vaults:2)
  Pikel (D:5)
  An ironbound convoker (Vaults:2)
  13 deep elf pyromancers
  4 orc knights (Orc:2)
  9 deep elf zephyrmancers
  A fire giant zombie (Depths:1)
  2 mana vipers (Depths:1)
  3 salamanders
  11 ugly things
  3 manticores
  A will-o-the-wisp (Swamp:2)
  6 cyclopes
  4 moths of wrath (Zot:2)
  An elephant (shapeshifter) (Vaults:1)
  A guardian serpent (Snake:4)
  A smoke demon (Gauntlet)
  5 vault sentinels
  4 elephants (Lair:5)
  An apocalypse crab (Abyss:3)
  Maurice (D:9)
  An unseen horror (D:8)
  2 nameless horrors
  A molten gargoyle (Volcano)
  The ghost of drugrobin the Cleaver, a novice DgDe (D:5)
  11 black mambas
  2 torpor snails
  3 gargoyles
  A human zombie (Vaults:4)
  7 cane toads
  An efreet (D:13)
  9 rime drakes
  4 yaktaurs
  3 ancient zymes (Abyss:3)
  3 tengu conjurers
  6 komodo dragons
  3 trolls
  A red devil (Gauntlet)
  10 polar bears (IceCv)
  5 hornets
  A tyrant leech (Swamp:2)
  7 dream sheep (Lair:3)
  13 blink frogs
  10 slime creatures
  2 air elementals
  A jumping spider (Vaults:4)
  A shadow (D:10)
  A ynoxinul (Abyss:3)
  2 wraiths (D:11)
  A large abomination (Abyss:3)
  2 humans (D:13)
  2 fire elementals
  2 basilisks (Lair:1)
  A redback (Vaults:4)
  3 wyverns
  A chaos spawn (Gauntlet)
  2 fire bats (Volcano)
  A golden eye (Slime:5)
  31 yaks
  3 steam dragons
  A neqoxec (Gauntlet)
  5 vampire mosquitoes
  The ghost of gelatine the Stinger, an amateur DsVM (D:5)
  A swamp worm (Swamp:1)
  8 wargs
  An acid dragon (D:8)
  A naga (Snake:4)
  4 water moccasins
  A hell hound (D:15)
  32 orc warriors
  A sky beast (D:7)
  3 swamp drakes
  3 black bears
  3 ice beasts (D:7)
  4 ogres
  4 boggarts
  24 wolves
  2 lemures (D:5)
  4 centaurs
  A phantom (D:6)
  3 kobold brigands
  7 bullfrogs
  3 gnoll sergeants
  A scorpion (D:5)
  3 wights (D:5)
  A small abomination (Abyss:3)
  A human simulacrum (Vaults:4)
  10 killer bees (D:9)
  A howler monkey (D:7)
  3 lava snakes (Volcano)
  3 crimson imps (Gauntlet)
  18 orc priests
  4 jellies
  A hound (D:4)
  A gnoll bouda (D:6)
  Ijyb (D:5)
  A starcursed mass (Abyss:3)
  Jessica (D:3)
  3 sleepcaps
  3 iguanas
  8 orc wizards
  3 hell rats (Lair:5)
  Robin (D:3)
  7 adders
  21 gnolls
  A shadow imp (D:7)
  2 white imps
  2 ufetubi
  A dart slug (D:5)
  42 orcs
  6 bats
  7 endoplasms
  3 giant cockroaches
  11 goblins
  12 hobgoblins
  3 jackals (D:5)
  A quokka (D:1)
  8 ball pythons
  3 frilled lizards
  14 kobolds
  2 rats
723 creatures vanquished.

Vanquished Creatures (collateral kills)
  A dread lich (Zig:3)
  Mara (Depths:1)
  the Lernaean hydra (Swamp:4)
  2 shard shrikes
  Vashnia (Snake:4)
  2 golden dragons
  A bone dragon (Depths:4)
  Jorgrun (Elf:2)
  Rupert (D:13)
  4 tentacled monstrosities
  A shard shrike skeleton (Abyss:3)
  3 liches
  3 titans
  2 deep elf blademasters (Elf:3)
  5 quicksilver dragons
  A deep elf master archer (Elf:3)
  17 acid blobs
  A death cob (Zot:2)
  An Executioner (Abyss:3)
  4 tentacled starspawn (Abyss:3)
  4 sphinxes
  A thorn hunter (Swamp:4)
  A shadow dragon (Depths:4)
  3 draconian monks
  7 storm dragons
  Agnes (D:15)
  A fenstrider witch (Swamp:2)
  16 rockslimes
  4 fire giants
  Aizul (Snake:3)
  Roxanne (D:15)
  10 nagarajas
  7 azure jellies
  2 draconian knights
  3 frost giants
  A draconian shifter (Depths:4)
  4 deep elf sorcerers
  An iron dragon (Zot:2)
  An angel (Vaults:3)
  Louise (Snake:1)
  8 vault wardens
  A ghost moth (Zot:1)
  An orc warlord (Depths:1)
  8 very ugly things
  3 deep elf elementalists (Elf:3)
  A spriggan defender (Depths:1)
  A war gargoyle (Vaults:4)
  10 ironbound preservers
  7 stone giants
  3 draconian annihilators
  4 quicksilver oozes
  4 green draconians
  Azrael (D:15)
  3 formless jellyfish
  4 ironbound thunderhulks
  5 eleionomae
  A wendigo (Depths:2)
  5 deep elf demonologists
  4 black draconians
  3 white draconians
  4 purple draconians
  4 red draconians (Zot:2)
  6 yellow draconians
  5 deep elf annihilators
  3 bunyips
  5 dire elephants
  2 deep elf death magi (Elf:3)
  A crystal guardian (Vaults:1)
  4 nameless horrors
  A merfolk javelineer (Zig:1)
  A merfolk impaler (Zig:4)
  4 fire dragons
  7 yaktaur captains
  7 ettins
  An entropy weaver (Vaults:4)
  4 shambling mangroves
  4 deep elf high priests
  20 vault guards
  Josephine (D:15)
  18 hydras
  4 rakshasas
  4 catoblepae
  4 great orbs of eyes
  6 ice dragons
  An ogre mage (Vaults:5)
  3 spriggan air magi
  2 peacekeepers
  13 centaur warriors
  3 salamander tyrants (Snake:4)
  A boulder beetle (Vaults:1)
  9 ironbound frosthearts
  10 anacondas
  12 naga warriors
  6 two-headed ogres (Vaults:5)
  12 dancing weapons
  2 deep troll shamans (Depths:1)
  11 alligators
  5 deep troll earth magi
  5 tengu warriors
  8 death yaks (Lair:5)
  3 spriggan berserkers
  6 shock serpents
  A titan zombie (Depths:2)
  Urug (D:13)
  A demonic crawler (Abyss:3)
  2 sun demons (Abyss:3)
  3 thrashing horrors (Abyss:3)
  13 naga sharpshooters
  A titan skeleton (Depths:2)
  5 deep elf knights (Elf:2)
  5 skeletal warriors (D:13)
  2 salamander mystics (Snake:4)
  A wretched star (Abyss:3)
  2 sea snakes (Snake:1)
  A spatial maelstrom (Abyss:3)
  4 iron trolls
  A glowing orange brain (D:15)
  2 spriggan druids
  27 deep trolls
  3 death drakes
  A quicksilver dragon simulacrum (Depths:2)
  8 goliath frogs
  2 flayed ghosts
  5 naga ritualists
  6 large abominations (Abyss:3)
  An orb spider (shapeshifter) (Vaults:1)
  An orange crystal statue (IceCv)
  7 wizards
  6 deep elf archers
  9 deep elf pyromancers
  12 swamp dragons
  A lindwurm (Vaults:2)
  7 orc knights (Depths:1)
  4 bog bodies
  3 phantasmal warriors (Vaults:5)
  15 ironbound convokers
  6 harpies (Vaults:2)
  18 deep elf zephyrmancers
  A sphinx zombie (Depths:1)
  5 shining eyes
  2 necromancers
  12 salamanders
  An oklob plant (Lair:4)
  13 mana vipers
  37 ugly things
  A cyclops (D:15)
  8 will-o-the-wisps
  6 moths of wrath
  An elephant (shapeshifter) (Depths:1)
  13 elephants (Lair:5)
  3 worldbinders (Abyss:3)
  An apocalypse crab (Abyss:3)
  A fire giant skeleton (Depths:2)
  13 black mambas
  2 torpor snails (Lair:5)
  10 naga magi
  3 vault sentinels
  A water nymph (Zig:4)
  A sphinx skeleton (Depths:2)
  4 guardian serpents
  2 cane toads
  A molten gargoyle (Volcano)
  3 smoke demons (Abyss:3)
  2 gargoyles
  An orange demon (Abyss:3)
  7 rime drakes
  A kobold demonologist (Abyss:3)
  2 eyes of devastation
  A komodo dragon (Lair:5)
  A yaktaur (shapeshifter) (Vaults:5)
  13 yaktaurs
  An ancient zyme (Abyss:3)
  A freezing wraith (Vaults:5)
  A bloated husk (Swamp:3)
  A red devil (Abyss:3)
  6 merfolk (Zig:4)
  A troll (D:13)
  9 polar bears
  4 tyrant leeches
  10 hornets
  A snapping turtle (Zig:4)
  5 blink frogs (Lair:5)
  100 slime creatures
  3 water elementals
  5 wraiths (D:15)
  A wyvern (Lair:5)
  An elf simulacrum (Vaults:4)
  4 spriggans
  A ynoxinul (Abyss:3)
  13 humans (D:13)
  2 basilisks
  17 yaks
  3 chaos spawn (Abyss:3)
  5 fire elementals
  7 golden eyes
  A yaktaur simulacrum (Vaults:2)
  A redback (Vaults:4)
  3 vampire mosquitoes
  An alligator snapping turtle simulacrum (Abyss:3)
  An elf skeleton (Vaults:4)
  35 nagas
  6 small abominations (Abyss:3)
  A spatial vortex (Abyss:3)
  2 water moccasins (Lair:5)
  14 swamp worms
  A floating eye (Depths:4)
  3 hell hounds (D:15)
  3 orc warriors
  A glowing shapeshifter skeleton (Vaults:4)
  8 swamp drakes
  2 wolves
  3 boggarts
  A centaur (D:15)
  15 starcursed masses (Abyss:3)
  A gnoll sergeant (D:12)
  4 earth elementals
  A glowing shapeshifter simulacrum (Depths:2)
  3 electric eels (Snake:1)
  A quasit (Abyss:3)
  An orc priest (Orc:2)
  An iron imp (Abyss:3)
  3 orc wizards
  3 hell rats (Lair:5)
  5 gnolls
  2 orcs
  6 starspawn tentacles (Abyss:3)
1127 creatures vanquished.

Vanquished Creatures (others)
  A juggernaut (Depths:1)
  A golden dragon (Vaults:5)
  A deep elf master archer (Elf:3)
  4 quicksilver dragons
  8 acid blobs (Slime:5)
  3 titans
  5 sphinxes
  A shadow dragon (Vaults:3)
  3 storm dragons
  3 tengu reavers
  3 rockslimes (Slime:5)
  A fire giant (Abyss:3)
  2 draconian knights (Zot:2)
  2 azure jellies (Slime:5)
  An iron dragon (Depths:1)
  8 vault wardens
  A deep elf sorcerer (Abyss:3)
  A draconian scorcher (Zot:1)
  A draconian shifter (Zot:2)
  2 draconian stormcallers
  A demonspawn corrupter (Abyss:3)
  3 spriggan defenders
  5 quicksilver oozes (Slime:5)
  5 ironbound preservers
  3 stone giants
  An ironbound thunderhulk (Vaults:2)
  A formless jellyfish (Slime:5)
  A deep elf demonologist (Elf:3)
  A green draconian (Zot:1)
  An eleionoma (Swamp:2)
  A black draconian (Zot:1)
  A white draconian (Zot:1)
  A yellow draconian (Zot:1)
  3 dire elephants
  A red draconian (Zot:2)
  3 ettins
  2 deep elf death magi
  3 yaktaur captains
  A fire dragon (D:15)
  An ice dragon (Depths:4)
  A spriggan air mage (Swamp:4)
  7 vault guards
  6 hydras
  4 ironbound frosthearts
  A two-headed ogre (D:15)
  2 anacondas
  3 centaur warriors
  An alligator (Lair:5)
  3 naga sharpshooters
  A boulder beetle (D:15)
  3 naga warriors
  2 deep troll earth magi
  5 deep elf knights
  5 shock serpents
  A sea snake (shapeshifter) (Vaults:2)
  2 deep trolls
  2 death drakes (Swamp:4)
  An ironbound convoker (Vaults:5)
  3 naga ritualists
  5 deep elf archers
  2 wizards (Vaults:2)
  2 harpies
  9 deep elf pyromancers
  7 deep elf zephyrmancers
  A wolf spider (Lair:5)
  3 lindwurms
  2 ugly things (D:15)
  An orc knight (D:15)
  4 cyclopes
  4 salamanders
  An elephant (Lair:4)
  6 moths of wrath
  A guardian serpent (Snake:4)
  2 naga magi (Snake:4)
  6 black mambas
  6 vault sentinels
  An efreet (Volcano)
  3 rime drakes (IceCv)
  3 yaktaurs
  A bloated husk (Swamp:2)
  A tyrant leech (Swamp:3)
  A tengu simulacrum (Depths:2)
  A polar bear (IceCv)
  A blink frog (Lair:5)
  2 dream sheep (Lair:5)
  An iron dragon simulacrum (Depths:2)
  A frost giant simulacrum (Depths:2)
  16 slime creatures (Slime:5)
  A water elemental (Elf:1)
  A human (D:13)
  A golden eye (shapeshifter) (D:15)
  A vampire mosquito (Swamp:3)
  A basilisk (D:12)
  4 nagas
  A swamp drake (Swamp:2)
  A black bear (D:13)
  An ice beast (IceCv)
  A boggart (Vaults:1)
  A scorpion (Lair:5)
  A dart slug (D:13)
  A hobgoblin (D:13)
  A rat (D:13)
  22 foxfires
  13 starspawn tentacles (Abyss:3)
290 creatures vanquished.

Grand Total: 2140 creatures vanquished

Notes
Turn   | Place    | Note
-------+----------+-------------------------------------------
     0 | D:1      | Waters the Demonspawn Ice Elementalist began the quest for
                  | the Orb.
     0 | D:1      | Reached XP level 1. HP: 13/13 MP: 3/3
   116 | D:1      | Found a faded altar of an unknown god.
   182 | D:1      | Discovered your monstrous ancestry.
   182 | D:1      | Gained mutation: Your touch may inflict minor irresistible
                  | damage on your foes. [demonic ancestry]
   182 | D:1      | Reached XP level 2. HP: 17/19 MP: 1/5
  1118 | D:2      | Reached skill level 1 in Fighting
  1204 | D:2      | Reached XP level 3. HP: 11/26 MP: 4/6
  1289 | D:2      | Learned a level 3 spell: Ozocubu's Armour
  2089 | D:3      | Gained mutation: You have a pair of small antennae on your
                  | head. [demonic ancestry]
  2089 | D:3      | Reached XP level 4. HP: 10/33 MP: 8/8
  2090 | D:3      | HP: 1/33 [gnoll/+0 whip (7)]
  2222 | D:3      | Learned a level 3 spell: Frozen Ramparts
  2437 | D:3      | Noticed Robin
  2448 | D:3      | Killed Robin
  2590 | D:3      | Gained mutation: Your touch may inflict irresistible damage
                  | on your foes. [demonic ancestry]
  2590 | D:3      | Reached XP level 5. HP: 38/39 MP: 9/9
  2596 | D:3      | Found a transporter.
  2600 | D:3      | Noticed Pooter's ghost (amateur MiMo)
  2635 | D:3      | Noticed Jessica
  2637 | D:3      | Killed Jessica
  2843 | D:3      | Found a transporter.
  2912 | D:4      | Found Keofyg's Gadget Gallery.
  2952 | D:4      | Found Ymoimp's General Store.
  2955 | D:4      | Found Jial Weu's Specific Store.
  2962 | D:4      | Bought a scroll of identify for 20 gold pieces
  2962 | D:4      | Bought a wand of digging (1) for 42 gold pieces
  3487 | D:5      | Entered Level 5 of the Dungeon
  3493 | D:5      | Noticed a lemure
  3494 | D:5      | Noticed Pikel
  3498 | D:5      | Noticed a lemure
  3500 | D:5      | Noticed a lemure
  3502 | D:5      | Noticed a lemure
  3503 | D:5      | Gained mutation: You are partially covered in sharp spines.
                  | [demonic ancestry]
  3503 | D:5      | Reached XP level 6. HP: 47/47 MP: 5/11
  3506 | D:5      | Noticed Ijyb
  3510 | D:5      | Killed Pikel
  3511 | D:5      | Reached skill level 5 in Ice Magic
  3511 | D:5      | Reached XP level 7. HP: 53/55 MP: 3/14
  3512 | D:5      | Killed Ijyb
  3517 | D:5      | Reached skill level 5 in Spellcasting
  3635 | D:5      | Reached skill level 5 in Fighting
  3635 | D:5      | Reached XP level 8. HP: 29/62 MP: 8/15
  3887 | D:5      | Noticed a hornet
  3891 | D:5      | Killed a hornet
  3902 | D:5      | Found a staircase to the Ecumenical Temple.
  3908 | D:5      | Found a runed translucent gate.
  3908 | D:5      | Found a runed translucent gate.
  3908 | D:5      | Found a runed translucent gate.
  3911 | Temple   | Entered the Ecumenical Temple
  3954 | Temple   | Became a worshipper of Kikubaaqudgha
  4001 | D:5      | Noticed gelatine's ghost (amateur DsVM)
  4001 | D:5      | Noticed drugrobin's ghost (novice DgDe)
  4458 | D:6      | Noticed a +0 dagger
  4458 | D:6      | Noticed a +0 hand axe
  4536 | D:6      | Found a hide-covered altar of Uskayaw.
  4597 | D:6      | Reached skill level 1 in Short Blades
  4713 | D:6      | Noticed a troll
  4723 | D:6      | Killed a troll
  4739 | D:6      | Reached XP level 9. HP: 48/71 MP: 8/18
  4983 | D:6      | Reached * piety under Kikubaaqudgha
  4983 | D:6      | Received a gift from Kikubaaqudgha
  5106 | D:6      | Identified the +10 scale mail of the Untouchables {rN+
                  | Dex+3}
  5247 | D:6      | You are sucked into a shaft and drop 1 floor!
  5336 | D:7      | Found a stormy altar of Qazlal.
  5586 | D:7      | Found an ornate altar of the Wu Jian Council.
  5731 | D:7      | Found Ceepluewk's Distillery.
  6334 | D:8      | Noticed a boulder beetle
  6515 | D:8      | Noticed a boulder beetle
  6542 | D:8      | Killed a boulder beetle
  6543 | D:8      | Reached XP level 10. HP: 54/80 MP: 7/21
  6784 | D:8      | Noticed a seven-headed hydra
  6837 | D:8      | Noticed a centaur warrior
  6897 | D:8      | Found a shimmering blue altar of Sif Muna.
  7093 | D:8      | Noticed a tengu warrior
  7110 | D:8      | Killed a centaur warrior
  7111 | D:8      | Reached skill level 5 in Short Blades
  7113 | D:8      | Killed a tengu warrior
  7124 | D:8      | Noticed a boulder beetle
  7128 | D:8      | HP: 3/123 [boulder beetle (33)]
  7159 | D:8      | Killed a boulder beetle
  7209 | D:8      | Reached ** piety under Kikubaaqudgha
  7285 | D:8      | Identified the +6 mace of the Enemy {heavy, Dex+8}
  7285 | D:8      | Noticed a centaur warrior
  7599 | D:8      | Gained mutation: You are mostly covered in sharp spines.
                  | [demonic ancestry]
  7599 | D:8      | Reached XP level 11. HP: 58/89 MP: 19/23
  7796 | D:8      | Killed a centaur warrior
  8052 | D:8      | Got Gufre's Omnibus of Iron Freezing
  8081 | D:8      | Killed a boulder beetle
  8082 | D:8      | Reached skill level 1 in Necromancy
  8843 | D:9      | Reached skill level 2 in Necromancy
  8856 | D:9      | Found Zifybbisi's Distillery.
  9257 | D:9      | Found a sacrificial altar of Ru.
  9268 | D:9      | Identified the +1 mace of Xom {flame, rF+ rN++ SInv}
  9437 | D:9      | Noticed Maurice
  9454 | D:9      | Killed Maurice
  9455 | D:9      | Reached skill level 3 in Necromancy
  9809 | D:10     | Entered Level 10 of the Dungeon
 10252 | D:10     | Reached skill level 4 in Necromancy
 10291 | D:10     | Found a staircase to the Orcish Mines.
 10299 | D:10     | Noticed a two-headed ogre
 10310 | D:10     | Killed a two-headed ogre
 10616 | D:10     | Found an opulent altar of Gozag.
 10616 | D:10     | Found a sparkling altar of Nemelex Xobeh.
 10743 | D:11     | Found Okhet's General Store.
 10804 | D:11     | Found a staircase to the Lair.
 10909 | D:11     | Reached *** piety under Kikubaaqudgha
 10909 | D:11     | Received a gift from Kikubaaqudgha
 11019 | D:11     | Reached skill level 5 in Necromancy
 11219 | D:11     | Found a broken altar of Ashenzari.
 11780 | Lair:1   | Entered Level 1 of the Lair of Beasts
 11803 | Lair:1   | Reached skill level 10 in Fighting
 11831 | Lair:1   | Learned a level 6 spell: Death Channel
 11836 | Lair:1   | Learned a level 4 spell: Anguish
 11867 | Lair:1   | Found a gate leading to a gauntlet.
 11887 | Lair:1   | Reached skill level 6 in Necromancy
 11912 | Lair:1   | Gained mutation: You are completely covered in sharp
                  | spines. [demonic ancestry]
 11912 | Lair:1   | Reached XP level 12. HP: 46/97 MP: 25/25
 11929 | Lair:1   | Reached skill level 7 in Necromancy
 12087 | Gauntlet | Entered a Gauntlet
 12087 | Gauntlet | Found a transporter.
 12097 | Gauntlet | Found a transporter.
 12099 | Gauntlet | Found a transporter.
 12099 | Gauntlet | Found a transporter.
 12116 | Gauntlet | Found a transporter.
 12129 | Gauntlet | Found a transporter.
 12134 | Gauntlet | Found a transporter.
 12150 | Gauntlet | Found a transporter.
 12170 | Gauntlet | Found a transporter.
 12182 | Gauntlet | Found a transporter.
 12182 | Gauntlet | Noticed an entropy weaver
 12194 | Gauntlet | Found a transporter.
 12202 | Gauntlet | Noticed a four-headed hydra
 12206 | Gauntlet | Found a transporter.
 12218 | Gauntlet | Found a transporter.
 12243 | Gauntlet | Found a transporter.
 12245 | Gauntlet | Found a transporter.
 12273 | Gauntlet | Found a transporter.
 12275 | Gauntlet | Found a transporter.
 12393 | Gauntlet | Found a transporter.
 12672 | Gauntlet | Identified the +2 cloak of Anarchy {rCorr Str+9 Dex-3
                  | Stlth-}
 12758 | Gauntlet | Killed a four-headed hydra
 12759 | Gauntlet | Reached skill level 10 in Spellcasting
 12762 | Gauntlet | Reached skill level 8 in Necromancy
 12833 | Gauntlet | Identified the ring of Cowardice {rF+ rC+ Will+ Str-3
                  | Dex+6}
 12876 | Gauntlet | Noticed a minotaur
 12892 | Gauntlet | Killed a minotaur
 12898 | Gauntlet | Identified the +0 ring mail of Subjectivity {rCorr Dex+3}
 13785 | Lair:2   | Reached **** piety under Kikubaaqudgha
 14119 | Lair:2   | Reached skill level 9 in Necromancy
 14261 | Lair:2   | Found a transporter.
 14291 | Lair:2   | Found a transporter.
 14632 | Lair:3   | Noticed a four-headed hydra
 14642 | Lair:3   | Killed a four-headed hydra
 14643 | Lair:3   | Reached skill level 10 in Necromancy
 14725 | Lair:3   | Noticed a catoblepas
 14744 | Lair:3   | Killed a catoblepas
 14803 | Lair:3   | Found a staircase to the Swamp.
 14904 | Lair:3   | Noticed a seven-headed hydra
 15020 | Lair:3   | Found a staircase to the Snake Pit.
 15234 | Lair:4   | Noticed a six-headed hydra
 15449 | Orc:1    | Entered Level 1 of the Orcish Mines
 15462 | Orc:1    | Gained mutation: You have a pair of antennae on your head.
                  | [demonic ancestry]
 15462 | Orc:1    | Reached XP level 13. HP: 89/106 MP: 27/27
 15494 | Orc:1    | You fall into a shaft and drop 1 floor!
 15494 | Orc:2    | Entered Level 2 of the Orcish Mines
 15494 | Orc:2    | Found a staircase to the Elven Halls.
 15823 | Orc:2    | Reached ***** piety under Kikubaaqudgha
 16114 | Orc:2    | Reached skill level 11 in Necromancy
 16660 | Orc:2    | Reached skill level 12 in Necromancy
 16773 | Orc:2    | Found Fuilorua's Book Shoppe.
 16773 | Orc:2    | Found Tosm's Distillery.
 16774 | Orc:2    | Found Osishri's General Store.
 16774 | Orc:2    | Found Fetew's Weapon Emporium.
 16788 | Orc:2    | Bought a Necronomicon for 756 gold pieces
 16794 | Orc:2    | Learned a level 5 spell: Borgnjor's Vile Clutch
 16801 | Orc:2    | Learned a level 6 spell: Simulacrum
 17848 | Lair:4   | Found a viscous altar of Jiyva.
 17848 | Lair:4   | Found a staircase to the Slime Pits.
 17984 | Lair:4   | Reached skill level 13 in Necromancy
 18368 | Lair:5   | Entered Level 5 of the Lair of Beasts
 18536 | Lair:5   | Reached XP level 14. HP: 103/116 MP: 17/29
 18560 | Lair:5   | Reached skill level 14 in Necromancy
 18617 | Lair:5   | Found a dark tunnel.
 18628 | Volcano  | Entered a volcano
 18666 | Volcano  | Reached ****** piety under Kikubaaqudgha
 18978 | Volcano  | Found a burning altar of Makhleb.
 19110 | Volcano  | Noticed a stone giant
 19125 | Volcano  | Killed a stone giant
 19528 | Lair:5   | Reached skill level 15 in Necromancy
 20498 | Lair:5   | Learned a level 7 spell: Haunt
 20630 | Lair:5   | Reached skill level 16 in Necromancy
 20633 | Lair:5   | Reached skill level 1 in Summonings
 21421 | D:12     | Noticed a stone giant
 21735 | D:12     | Found a shimmering altar of Xom.
 21766 | D:12     | Found Ristaw's Weapon Shoppe.
 21997 | D:13     | Noticed Rupert
 21997 | D:13     | Noticed Urug
 21997 | D:13     | Found a gate to the Vaults.
 22023 | D:13     | Gained mutation: You have large cloven feet. [demonic
                  | ancestry]
 22023 | D:13     | Reached XP level 15. HP: 126/126 MP: 11/30
 22025 | D:13     | Killed Urug
 22042 | D:13     | Killed Rupert
 22302 | D:13     | Reached skill level 5 in Summonings
 23022 | D:14     | Reached skill level 17 in Necromancy
 23512 | D:14     | Found a portal to a secret trove of treasure.
 24040 | D:11     | Bought a scroll of identify for 32 gold pieces
 24040 | D:11     | Bought a scroll of amnesia for 64 gold pieces
 24150 | D:15     | Entered Level 15 of the Dungeon
 24150 | D:15     | Noticed Agnes
 24363 | D:15     | Killed Agnes
 24489 | D:15     | Noticed Josephine
 24497 | D:15     | Killed Josephine
 24818 | D:15     | Found a staircase to the Depths.
 24918 | D:15     | Noticed Roxanne
 25075 | D:15     | Noticed Azrael
 25081 | D:15     | Killed Azrael
 25328 | D:15     | Reached skill level 18 in Necromancy
 25773 | Snake:1  | Entered Level 1 of the Snake Pit
 25802 | Snake:1  | Reached skill level 15 in Fighting
 25948 | Snake:1  | Gained mutation: You have hoof-like feet. [demonic
                  | ancestry]
 25948 | Snake:1  | Reached XP level 16. HP: 99/136 MP: 15/32
 26196 | Snake:1  | Noticed Louise
 26210 | Snake:1  | Killed Louise
 26405 | Snake:1  | Found a burning altar of Makhleb.
 26601 | Snake:1  | Found Cedd's Antique Weapon Shoppe.
 26605 | Snake:1  | Found Masull's Magic Scroll Shoppe.
 26605 | Snake:1  | Found Kouzaz's General Store.
 26606 | Snake:1  | Found Mukiasir's Magic Scroll Shoppe.
 26981 | Snake:2  | You fall into a shaft and drop 1 floor!
 27045 | Snake:3  | Reached skill level 19 in Necromancy
 27253 | Snake:3  | Noticed Aizul
 27257 | Snake:3  | Killed Aizul
 27683 | Snake:4  | Entered Level 4 of the Snake Pit
 27683 | Snake:4  | Found Cakk's Assorted Antiques.
 27913 | Snake:4  | Found Engadal's Magic Scroll Boutique.
 28068 | Snake:4  | Bought a scroll of butterflies for 76 gold pieces
 28365 | Orc:2    | Bought the +9 rapier of Efibeosh {vamp, rC- rN+++ Str-5
                  | Int+7} for 1397 gold pieces
 28563 | Swamp:1  | Entered Level 1 of the Swamp
 28758 | Swamp:1  | Found a frozen archway.
 28797 | IceCv    | Entered an ice cave
 28845 | IceCv    | Reached skill level 20 in Necromancy
 28895 | IceCv    | Gained mutation: Spells you cast may paralyse adjacent
                  | enemies. [demonic ancestry]
 28895 | IceCv    | Reached XP level 17. HP: 137/144 MP: 13/34
 29032 | IceCv    | Noticed a shard shrike
 29181 | IceCv    | Killed a shard shrike
 29507 | IceCv    | Learned a level 8 spell: Borgnjor's Revivification
 30744 | Swamp:2  | Identified the +7 broad axe of Kismet {freeze, Will++}
 30847 | Swamp:2  | Reached skill level 21 in Necromancy
 31138 | Swamp:2  | Gained mutation: You have hooves in place of feet. [demonic
                  | ancestry]
 31138 | Swamp:2  | Reached XP level 18. HP: 153/153 MP: 36/36
 31391 | Swamp:3  | Reached skill level 22 in Necromancy
 31789 | Swamp:4  | Entered Level 4 of the Swamp
 31992 | Swamp:4  | Noticed the 27-headed Lernaean hydra
 31995 | Swamp:4  | Killed the 27-headed Lernaean hydra
 31996 | Swamp:4  | Reached skill level 23 in Necromancy
 32028 | Swamp:4  | Gained mutation: Your touch may irresistibly damage your
                  | foes and sap their willpower. [demonic ancestry]
 32028 | Swamp:4  | Reached XP level 19. HP: 159/159 MP: 13/37
 32710 | Swamp:4  | Got a decaying rune of Zot
 32940 | Slime:1  | Entered Level 1 of the Pits of Slime
 33079 | Slime:2  | Reached skill level 24 in Necromancy
 33502 | Slime:5  | Entered Level 5 of the Pits of Slime
 33656 | Slime:4  | Reached skill level 25 in Necromancy
 33703 | Slime:5  | Noticed the Royal Jelly
 33747 | Slime:5  | Killed the Royal Jelly
 33900 | Slime:5  | Identified the +7 quarterstaff "Kealuru" {drain, rC- rN+++
                  | Int+7 Stlth+}
 33967 | Slime:5  | Identified the amulet "Layneunu" {rN+ Regen+ Str+5 Slay+2}
 33992 | Slime:5  | Got a slimy rune of Zot
 34028 | Slime:5  | Identified the scarf "Viduurei" {+Inv, rN+ Str+3 Int-3}
 34051 | Slime:5  | Identified the +3 pair of boots "Zokayluz" {rPois rCorr
                  | Dex+2}
 34079 | Slime:5  | Identified the +1 storm dragon scales of Inviolability
                  | {Contam rElec Will+ rCorr Dex+3}
 34082 | Slime:5  | Identified the +4 mace of Wynuytze {flame, Str+3}
 34086 | Slime:5  | Identified the ring "Dutux" {rPois rN+ Str+5 Dex+2}
 34088 | Slime:5  | Identified the ring "Qase" {rPois Slay+2}
 34775 | Snake:4  | Noticed Vashnia
 34804 | Snake:4  | Killed Vashnia
 34868 | Snake:4  | Reached XP level 20. HP: 137/167 MP: 21/38
 34872 | Snake:4  | Reached skill level 26 in Necromancy
 34925 | Snake:4  | Found Ruzuss's Jewellery Emporium.
 34951 | Snake:4  | Found Fisun's Magic Scroll Boutique.
 35122 | Snake:4  | Found Jicloc's Weapon Boutique.
 35524 | Snake:4  | Learned a level 9 spell: Death's Door
 35614 | Snake:4  | Got a serpentine rune of Zot
 35926 | Snake:4  | Reached skill level 15 in Spellcasting
 36458 | Orc:2    | Bought a manual of Shapeshifting for 1120 gold pieces
 36727 | D:5      | Killed gelatine's ghost
 36734 | D:5      | Killed drugrobin's ghost
 37262 | D:14     | You paid a toll of 6 scrolls of fog to enter a treasure
                  | trove
 37263 | Trove    | Entered a treasure trove
 37263 | Trove    | Found the brooch of Shielding {Spirit SH+8}
 37266 | Trove    | Identified the amulet of Ziedwa Wuitt {Spirit Will+ SInv}
 37271 | Trove    | Identified the amulet of Cheibriados's Favour {Spirit rElec
                  | Int+2 Dex+6 SInv}
 37276 | Trove    | Identified the ring "Jelig" {rPois Str+8 Dex+2 SInv}
 37280 | Trove    | Identified the amulet "Ocemoeru" {Spirit Dex+2}
 37293 | Trove    | Identified the ring "Sisups" {*Slow EV+5 Int+8}
 37298 | Trove    | Identified the ring of Disaster {rN+ Dex+3}
 37299 | Trove    | Identified the ring "Hynujuf" {Fire rN+}
 37301 | Trove    | Identified the ring "Weud" {Wiz Fly Str+3 Dex-3}
 37476 | D:15     | Killed Roxanne
 37599 | Vaults:1 | Entered Level 1 of the Vaults
 37663 | Vaults:1 | Reached skill level 1 in Shapeshifting
 37796 | Vaults:1 | Reached skill level 5 in Shapeshifting
 38612 | Vaults:1 | Found Dioguex's Armour Emporium.
 38934 | Vaults:2 | Reached skill level 10 in Shapeshifting
 39457 | Vaults:2 | Gained mutation: Spells you cast may paralyse nearby
                  | enemies. [demonic ancestry]
 39457 | Vaults:2 | Reached XP level 21. HP: 175/175 MP: 23/40
 39788 | Vaults:2 | You are sucked into a shaft and drop 1 floor!
 40080 | Vaults:3 | Found a crumbling gateway.
 40343 | Vaults:3 | Found a transporter.
 40357 | Vaults:3 | Found a transporter.
 42207 | Vaults:5 | Entered Level 5 of the Vaults
 42499 | Vaults:5 | Noticed a golden dragon
 42508 | Vaults:5 | Killed a golden dragon
 42510 | Vaults:5 | Gained mutation: Your hexes are more powerful. [demonic
                  | ancestry]
 42510 | Vaults:5 | Reached XP level 22. HP: 171/184 MP: 10/41
 42837 | Vaults:4 | Learned a level 2 spell: Blink
 42848 | Vaults:4 | Received a gift from Kikubaaqudgha
 42859 | Vaults:4 | Learned a level 8 spell: Infestation
 43154 | Elf:1    | Entered Level 1 of the Elven Halls
 44215 | Elf:1    | Got Horhi's Catalogue of Mustering
 44613 | Elf:2    | Found a runed translucent gate.
 44613 | Elf:2    | Found a runed translucent gate.
 44613 | Elf:2    | Found a runed translucent gate.
 45295 | Elf:2    | Noticed Jorgrun
 45298 | Elf:2    | Killed Jorgrun
 45956 | Elf:3    | Entered Level 3 of the Elven Halls
 45997 | Elf:3    | Found Dolarham's Book Emporium.
 46101 | Elf:3    | Reached skill level 15 in Shapeshifting
 46326 | Elf:3    | Paralysed by an air elemental for 1 turns
 46510 | Elf:3    | Identified the +2 glaive "Qoamiypn" {speed, Stlth+}
 46516 | Elf:3    | Identified the +0 leather armour of Hoeloj {Fly}
 46636 | Elf:3    | Got the Reference Book on Maleficia
 46639 | Elf:3    | Identified the +6 sling of Action {flame, Stlth+}
 46642 | Elf:3    | Identified the +0 plate armour of the Dwarven Hall {Str+6}
 46647 | Elf:3    | Got the Almanac of Different Damage
 46653 | Elf:3    | Identified the ring of Toaromei {rElec Int+6 Slay+2}
 46677 | Elf:3    | Identified the +6 halberd of Chewing Misery {flame, Drain
                  | rElec rN++ Int+3}
 46680 | Elf:3    | Identified the staff "Qidwuym" {*Corrode rElec rPois rC-
                  | rN+++ Poison}
 46682 | Elf:3    | Identified the +10 short sword of Perfectionism {heavy,
                  | rPois Will+}
 46700 | Elf:3    | Identified the ring "Zihaul" {Ice rElec Str+4 Slay+2}
 46712 | Elf:3    | Identified the +1 arbalest "Qeawes" {penet, rPois rC- rN++
                  | Will-}
 46714 | Elf:3    | Identified the +5 plate armour of the Painted God {rElec}
 46722 | Elf:3    | Identified the +1 leather armour of Koxad {Str+2}
 46822 | Elf:3    | Identified the +5 ring mail "Wanlosch" {Drain rCorr Int+9
                  | Dex-3}
 47207 | Elf:2    | Found a radiant altar of Vehumet.
 47464 | Depths:1 | Entered Level 1 of the Depths
 47464 | Depths:1 | Noticed Mara
 47464 | Depths:1 | Found a gateway to Hell.
 47469 | Depths:1 | Noticed Waters's illusion
 47473 | Depths:1 | Killed Mara
 47474 | Depths:1 | Reached skill level 1 in Long Blades
 47808 | Depths:1 | Noticed Saint Roka
 47827 | Depths:1 | Killed Saint Roka
 47957 | Depths:1 | Found an ancient bone altar of Kikubaaqudgha.
 48010 | Depths:1 | Gained mutation: You have a pair of large antennae on your
                  | head. (SInv) [demonic ancestry]
 48010 | Depths:1 | Reached XP level 23. HP: 194/194 MP: 26/43
 48203 | Depths:1 | Found a one-way gate leading to the halls of Pandemonium.
 48330 | Depths:1 | Noticed a juggernaut
 48595 | Depths:1 | Found a runed translucent door.
 48702 | Depths:1 | Found a runed translucent door.
 48928 | Depths:2 | Found Big Baal Hell's Store.
 49037 | Depths:2 | Found a one-way gateway to a ziggurat.
 49049 | Zig:1    | Entered Level 1 of a ziggurat
 49067 | Zig:2    | Entered Level 2 of a ziggurat
 49119 | Zig:3    | Entered Level 3 of a ziggurat
 49119 | Zig:3    | Noticed a dread lich
 49119 | Zig:3    | Found the +8 arc blade {discharge, rElec}
 49128 | Zig:3    | Killed a dread lich
 49129 | Zig:3    | Reached skill level 5 in Long Blades
 49164 | Zig:4    | Entered Level 4 of a ziggurat
 49264 | Zig:4    | Identified the ring "Cepp" {Drain rC+ rN+ Slay+3}
 49266 | Zig:4    | Got the Folio of Searing Nightshade
 49465 | Depths:2 | Found a one-way gate to the infinite horrors of the Abyss.
 49727 | Depths:2 | Identified the +1 hand axe "Usisch" {freeze, rC+ rN+}
 50386 | Abyss:3  | Found a corrupted altar of Lugonu.
 50386 | Abyss:3  | Cast into level 3 of the Abyss (a deep elf sorcerer)
 50477 | Abyss:3  | Found a corrupted altar of Lugonu.
 50487 | Abyss:3  | Paralysed by accursed screaming for 1 turns
 50507 | Abyss:3  | Paralysed by accursed screaming for 1 turns
 50568 | Abyss:3  | Found a corrupted altar of Lugonu.
 50623 | Abyss:3  | Noticed a shard shrike
 50736 | Depths:3 | Escaped the Abyss
 51065 | Depths:3 | Found Uleyheig's Jewellery Emporium.
 51071 | Depths:3 | Found Henadey's Antique Armour Emporium.
 51128 | Depths:4 | Entered Level 4 of the Depths
 51214 | Depths:4 | Paralysed by a floating eye for 4 turns
 51268 | Depths:4 | Gained mutation: Spells you cast and wands you use may
                  | paralyse nearby enemies. [demonic ancestry]
 51268 | Depths:4 | Reached XP level 24. HP: 187/205 MP: 37/45
 51354 | Depths:4 | Identified the +0 short sword "Farralod" {freeze, *Rage rC+
                  | SInv Stlth+}
 51941 | Depths:4 | Found a gate to the Realm of Zot.
 51949 | Zot:1    | Entered Level 1 of the Realm of Zot
 52745 | Zot:2    | Got the Incunable of the Adder and Modification
 53058 | Zot:2    | Noticed an orb of fire
 53067 | Zot:2    | Noticed an ancient lich
 53070 | Zot:2    | Gained mutation: You occasionally shout uncontrollably at
                  | your foes. [an orb of fire]
 53077 | Zot:2    | Gained mutation: You expend magic power (3 MP) to
                  | strengthen your wands. [an orb of fire]
 53080 | Zot:2    | Gained mutation: You frequently scream uncontrollably at
                  | your foes. [an orb of fire]
 53082 | Zot:2    | Gained mutation: You are weak. (Str -2) [an orb of fire]
 53082 | Zot:2    | Gained mutation: Potions are less effective at restoring
                  | your health. [an orb of fire]
 53085 | Zot:2    | Gained mutation: Your spells are a little easier to cast,
                  | but a little less powerful. [an orb of fire]
 53086 | Zot:2    | Gained mutation: You occasionally lose the ability to drink
                  | potions when taking damage. [an orb of fire]
 53089 | Zot:2    | Gained mutation: Potions cannot restore your health. [an
                  | orb of fire]
 53092 | Zot:2    | Gained mutation: You are very weak. (Str -4) [an orb of
                  | fire]
 53093 | Zot:2    | Killed from afar by an orb of fire

Illustrated notes

Levels and vault maps discovered:
D:1:      minmay_arrival_up_and_down, layout_basic, basic_ecumenical_altar
D:2:      layout_loops_ring
D:3:      layout_basic, gammafunk_ghost_stat_death,
          nicolae_figureground_sparkle, uniq_robin, uniq_jessica
D:4:      layout_rooms, zin_scriptorium, nicolae_specific_store,
          nicolae_shop_gadgets
D:5:      layout_cave_pools, lemuel_tele_altar,
          minmay_temple_entry_statues_pillars, gammafunk_ghost_cemetery,
          nrook_loot_triangle, lightli_corner_chamber, uniq_ijyb, uniq_pikel
D:6:      layout_gridville, mainiacjoe_overflow_surrounded_room,
          dancing_weapons_uskayaw, dk_noncrumbling_2, grunt_ministairs_8
D:7:      layout_loops_corners, nicolae_wu_jian_wuxing_cycle,
          nicolae_qazlal_beasts_of_the_sky, serial_shops, shop,
          kennysheep_generic_room_16
D:8:      minmay_the_grid_octo_2x2 [minmay_the_grid_octo_checkerflower,
          minmay_the_grid_octo_focus, minmay_the_grid_octo_pinwheel,
          minmay_the_grid_octo_prize_ultimate_mussel_roller], layout_basic,
          tgw_sif, minmay_orc_keep
D:9:      layout_grid_maze, mainiacjoe_overflow_concentric_impassable,
          serial_shops, shop_fountains, nicolae_twisty_statue_hallways,
          uniq_maurice
D:10:     layout_loops_corners, grunt_temple_overflow_opulence, orc_0_dummy,
          kennysheep_generic_room_3
D:11:     layout_long_grid, dpeg_oklobed_lair, serial_shops, shop_coins,
          ashenzari_conservatory_becter
D:12:     layout_irregular_city, serial_shops, kennysheep_little_box,
          xom_teletrap_fun
D:13:     layout_stronghold, david_vaults_3, serial_shops,
          nicolae_shop_rolled_up
D:14:     layout_irregular_city, minmay_strange_pillars, trove_entry_hex_spiral,
          drop_trap
D:15:     gammafunk_enter_depths_forms, layout_long_grid, hex_medium,
          uniq_roxanne, uniq_josephine, uniq_agnes, uniq_azrael
Temple:   minmay_temple_forest_path
Lair:1:   layout_big_grid, gauntlet_entry_generic, grunt_megastairs_5
Lair:2:   gammafunk_worm_tunnel, layout_chaotic_city,
          chequers_serial_rivers_micro_d, st_stairs_9,
          grunt_forest_large_clearing_hut
Lair:3:   layout_cellular_growth, skrybe_swamp_entry_bodies, dummy_snake_entry
Lair:4:   layout_loops_ring, slime_entry_1
Lair:5:   evilmike_catoblepas_cave, layout_loops_ring, serial_forest,
          infiniplex_forest_clump_cross, infiniplex_forest_clump_cross,
          infiniplex_forest_lined_1, infiniplex_forest_end_3,
          infiniplex_forest_lined_1, infiniplex_forest_3_way,
          infiniplex_forest_zigzag_1, infiniplex_forest_side_room,
          infiniplex_forest_end_3, enter_volcano_1, kilobyte_rumbling_trees
Swamp:1:  nicolae_swamp_ascending_descending_big, layout_falls_marsh,
          portal_ice_cave_entry_ugly_swarm, hangedman_swamp_cone
Swamp:2:  layout_basic_swamp, evilmike_swamp_ruin_rubble_1,
          nicolae_swamp_spooky_pond
Swamp:3:  layout_basic_swamp, hangedman_swamp_blocks, nicolae_swamp_drake_lake
Swamp:4:  swamp_old_school, layout_basic_swamp
Snake:1:  layout_cave_shapes, basic_altar, nicolae_snake_linked_coils,
          minmay_shop_grid_forest, drop_trap, serial_bayou_lake_a, uniq_louise
Snake:2:  layout_misc_corridors, grunt_ministairs_2
Snake:3:  layout_onion_interference, nicolae_snake_slithery_hallway, uniq_aizul
Snake:4:  grunt_snake_rune_serpentine_throne, layout_misc_corridors,
          serial_shops, shop, shop, nicolae_shop_just_a_little_nook, shop,
          nicolae_shop_back_alley_shop, st_stairs_13, uniq_vashnia
Slime:1:  layout_caves, cheibrodos_slime_lost_civilization_5
Slime:2:  layout_caves
Slime:3:  layout_caves
Slime:4:  layout_caves
Slime:5:  slime_pit
Orc:1:    layout_caves
Orc:2:    st_orc_pillars, layout_diamond_mine, mines5_lemuel
Elf:1:    layout_gridlike, serial_corexii_hall, chequers_hall_statues_y,
          corexii_hall_statues_l, minmay_elf_demonology
Elf:2:    elven_hall_of_blades_hangedman_original
          [infiniplex_blade_entry_pillars], layout_loops_cross,
          lemuel_upstairs_altar, uniq_jorgrun
Elf:3:    elf_hall, layout_geoelf_octagon, serial_shops, shop,
          hangedman_elf_represent
Vaults:1: nicolae_vaults_variable_pillar_hall, grunt_vaults_bifocal,
          nicolae_vaults_house_2, v_misc_27, vaults_room_fancy_cross,
          nicolae_vaults_shipping_containers_7,
          nicolae_vaults_closet_pinwheel_5, v_misc_15,
          ontoclasm_vaults_loading_screen, nicolae_vaults_specimen_jars,
          ontoclasm_vaults_gateway, layout_vaults_omnicross, serial_shops, shop
Vaults:2: nicolae_vaults_border_crossing, nicolae_vaults_more_shelving_1,
          nicolae_vaults_network_barrier, v_misc_15, nicolae_vaults_wine_cellar,
          serial_ice_h, serial_ice_m, nicolae_vaults_trapezoid_4,
          vaults_dpeg_ring, vaults_room_fancy_cross, nicolae_vaults_turnstiles,
          nicolae_vaults_enemy_cabinets, v_misc_16, v_misc_25,
          layout_vaults_omnibox, serial_shops, shop
Vaults:3: portal_desolation_entry_holy_temple, minmay_crypt_entry_necro_gods,
          nicolae_vaults_alarming, v_misc_31, gammafunk_sealed_arena,
          grunt_vaults_focal, dpeg_vaults_monster_row,
          nicolae_vaults_door_testing_chamber, nicolae_vaults_trapezoid_layered,
          v_pattern_2, hangedman_vaults_cutoff, hangedman_vaults_corner_blocks,
          nicolae_vaults_storage_room_statues, layout_vaults_maze_bifur
Vaults:4: mu_enter_wizlab_5, nicolae_vaults_shipping_containers_2, v_misc_5,
          vaults_room_grid, nicolae_vaults_closet_pinwheel_2, v_pattern_1,
          nicolae_vaults_wrenched, v_rooms_4, nicolae_vaults_weapon_check,
          layout_vaults_ring
Vaults:5
Depths:1: cheibrodos_witchhunters_guild, layout_cave_shapes,
          grunt_pan_entry_spiral, hell_entry, roderic_serpentine_path,
          minmay_crystal_water, kennysheep_flooded_box,
          lemuel_zombie_altar_kikubaaqudgha, uniq_saint_roka, uniq_mara
Depths:2: minmay_fractal_lines_corner, layout_gridville, enter_ziggurat_c,
          nicolae_hell_entry_big_baal_hell, rand_demon_pan_entry_1,
          hangedman_abyss_entry_splay, serial_co_window_serial,
          co_window_corner_a, co_window_paths_b, co_window_paths_b,
          co_window_paths_a, co_window_paths_b, co_window_paths_c,
          co_window_broadway_b, co_window_corner_b, co_window_corner_b,
          glass_columns_c, glass_columns_a, glass_columns_b, glass_columns_b,
          glass_columns_b
Depths:3: lemuel_minitomb, layout_honeycomb,
          nicolae_abyss_entry_one_way_or_another, serial_sigils_hangedman_carve,
          pf_hell_entry_tar_river, minmay_shop_star, grunt_megastairs_2,
          infiniplex_staircase_zigzag_1, uniq_jory
Depths:4: grunt_zot_entry_pinwheel, layout_cave_shapes, minivault_11, pan_entry,
          hell_entry, st_stairs_4
Zot:1:    nicolae_zot_stationary_front, layout_concentric_octagons
Zot:2:    grunt_deathspiral_small, layout_onion_interference,
          st_small_dragon_hoard_5

Skill      XL: |  1  2  3  4  5  6  7  8  9 10 11 12 13 14 15 16 17 18 19 20 21 22 23 24 |
---------------+-------------------------------------------------------------------------+-----
Stealth        | 2 |  2.0
Fighting       | 1 2 3 4 5 6 7 9 10 11 12 14 15 16 17 18 19 20 | 20.9
Ice Magic      | 4 5 6 7 8 9 |  9.3
Spellcasting   | 3 4 5 6 7 8 9 10 11 12 13 14 15 16 18 | 18.1
Short Blades   | 1 4 5 7 |  7.0
Necromancy     | 6 10 13 16 18 20 21 23 25 26 | 26.1
Summonings     | 3 6 |  6.0
Shapeshifting  | 11 14 15 16 17 | 17.1
Long Blades    | 3 7 |  7.7
Dodging        | |  1.9

Action                     |  1- 3 |  4- 6 |  7- 9 | 10-12 | 13-15 | 16-18 | 19-21 | 22-24 || total
---------------------------+-------+-------+-------+-------+-------+-------+-------+-------++-------
  Melee: Unarmed           |    36 |       |       |       |       |       |       |       ||    36
         Punch             |     1 |     1 |     1 |     1 |     5 |     2 |       |       ||    11
         Dagger            |    57 |       |       |       |       |       |       |       ||    57
         Touch             |    12 |    10 |    22 |    77 |   118 |    13 |       |       ||   252
         Hand axe          |    28 |    56 |    26 |       |       |       |       |       ||   110
         Short sword       |       |       |    95 |   374 |   511 |    39 |       |       ||  1019
         Kick              |       |       |       |       |    57 |    47 |   127 |   210 ||   441
         Rapier            |       |       |       |       |       |    62 |   232 |   396 ||   690
   Cast: Freeze            |     9 |     8 |     1 |     1 |       |       |       |       ||    19
         Frozen Ramparts   |       |     3 |    17 |    46 |    29 |       |     1 |       ||    96
         Ozocubu's Armour  |       |     2 |    21 |    44 |    25 |       |       |       ||    92
         Death Channel     |       |       |       |     2 |    28 |    23 |    42 |    47 ||   142
         Simulacrum        |       |       |       |       |    96 |   146 |   204 |    42 ||   488
         Borgnjor's Vile C |       |       |       |       |    45 |    19 |    26 |    63 ||   153
         Anguish           |       |       |       |       |    12 |     3 |    16 |     4 ||    35
         Haunt             |       |       |       |       |    19 |    57 |   113 |    88 ||   277
         Infestation       |       |       |       |       |       |       |       |    57 ||    57
         Blink             |       |       |       |       |       |       |       |     1 ||     1
 Invoke: Unearth Wretches  |       |       |       |       |    12 |    12 |    21 |    22 ||    67
         Torment           |       |       |       |       |       |       |     1 |       ||     1
         Receive Forbidden |       |       |       |       |       |       |       |     1 ||     1
  Evoke: Wand              |       |    10 |     5 |    26 |    16 |     1 |    12 |    18 ||    88
         Phial of floods   |       |       |       |     1 |       |       |     2 |     2 ||     5
         Tin of tremorston |       |       |       |     1 |       |       |       |       ||     1
    Use: Scroll            |       |     3 |       |    11 |    11 |     8 |     9 |    10 ||    52
         Potion            |       |     2 |     3 |    14 |     8 |     7 |     7 |    15 ||    56
   Stab: Sleeping          |     5 |     2 |       |       |       |       |       |       ||     7
         Invisible         |       |       |       |     1 |       |       |       |       ||     1
         Distracted        |       |       |       |       |     9 |     6 |     4 |    10 ||    29
         Paralysed         |       |       |       |       |     3 |     6 |    19 |    14 ||    42
 Armour: Robe              |    26 |     9 |    12 |       |       |       |       |       ||    47
         Skin              |       |    20 |    16 |    22 |       |       |    77 |   432 ||   567
         Scale mail        |       |       |    39 |   136 |       |       |       |       ||   175
         Troll leather arm |       |       |     2 |    15 |   110 |    47 |    44 |       ||   218
         Chain mail        |       |       |       |       |     9 |       |       |       ||     9
  Dodge: Dodged            |   111 |    49 |    56 |   121 |   219 |    85 |   135 |   324 ||  1100
  Block: Buckler           |       |       |       |       |       |    12 |    54 |   114 ||   180
   Form: Statue            |       |       |       |       |       |       |     1 |       ||     1

Table legend: (Time is in decaauts)
 A = Elapsed time spent in this place.
 B = Non-inter-level travel time spent in this place.
 C = Inter-level travel time spent in this place.
 D = Time resting spent in this place.
 E = Time spent auto-exploring this place.
 F = Levels seen in this place.
 G = Mean time per level.
                   A        B        C        D        E       F      G
               +--------+--------+--------+--------+--------+-----+--------+
         Total |  59409 |  37868 |  21541 |   8025 |  15438 |  59 | 1006.9 |
       Dungeon |  17526 |  11961 |   5565 |   2023 |   7182 |  15 | 1168.4 |
        Temple |     86 |      2 |     84 |      0 |      0 |   1 |   86.0 |
          Lair |   6291 |   3286 |   3005 |   1236 |    681 |   5 | 1258.2 |
         Swamp |   3863 |   2636 |   1227 |    161 |   1630 |   4 |  965.8 |
     Snake Pit |   4126 |   2471 |   1655 |    553 |    920 |   4 | 1031.5 |
    Slime Pits |   1337 |    822 |    515 |    171 |      1 |   5 |  267.4 |
  Orcish Mines |   2400 |   1143 |   1257 |    177 |    295 |   2 | 1200.0 |
   Elven Halls |   6262 |   3959 |   2303 |    652 |   2274 |   3 | 2087.3 |
        Vaults |   6795 |   3152 |   3643 |   1076 |    322 |   5 | 1359.0 |
        Depths |   5840 |   4057 |   1783 |    847 |   2074 |   4 | 1460.0 |
           Zot |   1725 |   1225 |    500 |    624 |      0 |   2 |  862.5 |
         Abyss |    519 |    519 |      0 |      0 |      0 |   1 |  519.0 |
      Ziggurat |    327 |    327 |      0 |    180 |      0 |   4 |   81.8 |
         Trove |     81 |     81 |      0 |      0 |      5 |   1 |   81.0 |
      Ice Cave |    792 |    792 |      0 |     28 |     52 |   1 |  792.0 |
       Volcano |    623 |    623 |      0 |     25 |      0 |   1 |  623.0 |
      Gauntlet |    810 |    810 |      0 |    270 |      0 |   1 |  810.0 |
               +--------+--------+--------+--------+--------+-----+--------+

Top non-repeatable levels by time:
Vaults:4: 3011 daAuts
     D:8: 2360 daAuts
   Elf:2: 2339 daAuts
   Elf:1: 2220 daAuts
Depths:1: 2162 daAuts
Depths:2: 1839 daAuts
   Orc:2: 1822 daAuts
  Lair:5: 1767 daAuts
   Elf:3: 1701 daAuts
 Snake:4: 1693 daAuts
     D:7: 1531 daAuts
  Lair:3: 1523 daAuts
    D:11: 1458 daAuts
Vaults:3: 1435 daAuts
Vaults:1: 1366 daAuts
